 Dungeon Crawl Stone Soup version 0.21.0-24-g2553a33 (webtiles) character file.

422 Yermak the Cutter (level 6, 0/36 HPs)
             Began as a Deep Elf Chaos Knight on Jan 22, 2018.
             Slain by an adder (2 damage)
             ... on level 3 of the Dungeon.
             The game lasted 00:11:49 (1235 turns).

Yermak the Cutter (Deep Elf Chaos Knight)           Turns: 1235, Time: 00:11:50

Health: 0/36       AC:  6    Str: 11    XL:     6   Next: 63%
Magic:  8/8        EV: 12    Int: 17    God:    Xom [....*.]
Gold:   155        SH:  0    Dex: 14    Spells: 5/5 levels left

rFire    . . .     SeeInvis .   Y - +2 rapier (vamp)
rCold    + . .     Gourm    .   (no shield)
rNeg     . . .     Faith    .   b - +2 leather armour
rPois    .         Spirit   .   (no helmet)
rElec    .         Reflect  .   (no cloak)
rCorr    .         Harm     .   G - +0 pair of gloves
MR       ++...                  (no boots)
Stlth    +++.......             (no amulet)
HPRegen  0.12/turn              c - ring of protection from cold
MPRegen  0.11/turn              m - ring of protection from magic

@: lethally poisoned (0 -> -3)
A: magic resistance 1
a: Renounce Religion


You were on level 3 of the Dungeon.
You worshipped Xom.
You were a beloved toy of Xom.
You were not hungry.

You visited 1 branch of the dungeon, and saw 4 of its levels.

You collected 155 gold pieces.

Inventory:

Hand Weapons
 a - a +0 short sword of chaos
 W - a cursed -3 spear
 X - a +2 hand axe of chaos
 Y - a +2 vampiric rapier (weapon)
Missiles
 D - 38 stones (quivered)
 R - 17 bolts
 S - 2 needles of paralysis
 T - 2 tomahawks
Armour
 b - a +2 leather armour (worn)
 G - a +0 pair of gloves (worn)
 Z - a +0 leather armour of cold resistance
Jewellery
 c - a ring of protection from cold (left hand)
 m - a ring of protection from magic (right hand)
 s - an uncursed ring of see invisible
Scrolls
 C - a scroll of identify {unknown}
 F - 2 scrolls of teleportation {unknown}
 H - a scroll of blinking {unknown}
 L - a scroll of fear {unknown}
 M - a scroll of enchant weapon {unknown}
 N - a scroll of remove curse
 O - a scroll of enchant armour {unknown}
 P - a scroll of magic mapping {unknown}
Potions
 A - a potion of ambrosia {unknown}
 E - a potion of invisibility {unknown}
 U - a potion of magic {unknown}
 V - a potion of heal wounds {unknown}
Comestibles
 z - 5 rations


   Skills:
 + Level 2.5 Fighting
 - Level 6.1 Short Blades
 - Level 0.7 Armour
 + Level 2.6 Dodging
 - Level 5.3 Stealth


You had 5 spell levels left.
You didn't know any spells.

Dungeon Overview and Level Annotations

Branches:
Dungeon (4/15)
 Temple: D:4-7

Altars:
Ru


Innate Abilities, Weirdness & Mutations

You are resistant to hostile enchantments. (MR+)


Message History

You kill the worker ant!
You feel sick.
You see here a worker ant corpse.
You feel sick.
You feel sick.
You feel sick.
You feel sick.
You are now a beloved toy of Xom.
An adder comes into view.
The adder hisses angrily.
You feel sick.
You feel sick.
You barely miss the adder. The adder bites you.
* * * LOW HITPOINT WARNING * * *
You are lethally poisoned!
The adder poisons you!
You closely miss the adder.
* * * LOW HITPOINT WARNING * * *
You feel sick. The adder bites you.
You die...

#.......##..........######
#.......##...............<
#.......##..........######
##.....###..........# #.>
##....>###..........# ##.#
#......†# #........## #..#
#.......# #........##..##
#.[.....######....# ####
##.......@S.##....#
##.).#####.......# ##.##
###.....# #.# ##....# #.#
#....# #.# #....... #.#
#....#.. #.# #######...
#.########.........


You could see an adder.

Vanquished Creatures
  Eustachio (D:4)
  An orc priest (D:4)
  A centaur skeleton (D:4)
  A worker ant (D:3)
  3 adders
  A gnoll (D:4)
  A howler monkey skeleton (D:4)
  A worm (D:4)
  2 dart slugs
  A leopard gecko (D:1)
  2 orcs
  7 goblins
  2 hobgoblins
  3 jackals
  A quokka (D:3)
  A ball python (D:1)
  A ball python skeleton (D:4)
  3 bats
  A frilled lizard (D:1)
  3 kobolds
  3 rats (D:1)
40 creatures vanquished.

Vanquished Creatures (collateral kills)
  The ghost of nikopol the Ruffian, an amateur TrWr (D:4)
  An orc priest (D:4)
  2 gnolls (D:4)
  3 orcs (D:4)
7 creatures vanquished.

Vanquished Creatures (others)
  An orc (D:4)
1 creature vanquished.

Grand Total: 48 creatures vanquished

Notes
Turn   | Place    | Note
-------+----------+-------------------------------------------
     0 | D:1      | Yermak the Deep Elf Chaos Knight began the quest for the Orb.
     0 | D:1      | Reached XP level 1. HP: 13/13 MP: 3/3
    32 | D:1      | Reached skill level 1 in Stealth
   210 | D:1      | Reached XP level 2. HP: 18/18 MP: 4/4
   271 | D:4      | Noticed Eustachio
   280 | D:4      | XOM: enchant monster (bad)
   293 | D:4      | XOM: mild Pois miscast
   333 | D:2      | XOM: silly message
   509 | D:2      | XOM: give mutation
   509 | D:2      | Gained mutation: You are resistant to hostile enchantments. (MR+) [Xom's grace]
   616 | D:2      | Reached XP level 3. HP: 20/22 MP: 5/5
   818 | D:3      | Reached skill level 3 in Stealth
   852 | D:3      | Reached skill level 4 in Short Blades
   927 | D:4      | XOM: summons friendly ice devil
   933 | D:4      | Reached XP level 4. HP: 24/27 MP: 6/6
   953 | D:4      | XOM: chaos upgrade
   977 | D:4      | XOM: harmless Fire miscast
   987 | D:4      | Reached XP level 5. HP: 30/31 MP: 7/7
   990 | D:4      | Noticed nikopol's ghost (amateur TrWr)
  1001 | D:4      | Killed nikopol's ghost
  1001 | D:4      | Reached skill level 5 in Short Blades
  1016 | D:4      | Killed Eustachio
  1016 | D:4      | Reached XP level 6. HP: 18/36 MP: 8/8
  1115 | D:4      | Found a sacrificial altar of Ru.
  1158 | D:4      | XOM: destruction
  1168 | D:4      | Reached skill level 6 in Short Blades
  1235 | D:3      | Slain by an adder

Skill      XL: |  1  2  3  4  5  6 |
---------------+-------------------+-----
Stealth        | 1 2 3 4 5 |  5.3
Short Blades   | 4 5 6 |  6.1
Fighting       | |  2.5
Armour         | |  0.7
Dodging        | |  2.6

Action                   |  1- 3 |  4- 6 || total
-------------------------+-------+-------++-------
Melee: Short sword       |   114 |    22 ||   136
       Rapier            |       |    26 ||    26
Throw: Stone             |     1 |       ||     1
       Tomahawk          |       |     1 ||     1
  Use: Scroll            |     1 |       ||     1
       Potion            |       |     2 ||     2
 Stab: Sleeping          |     7 |       ||     7
       Paralysed         |     1 |     1 ||     2
  Eat: Ration            |       |     2 ||     2
       Chunk             |       |     1 ||     1
Armor: Leather armour    |    49 |     8 ||    57
Dodge: Dodged            |    62 |    20 ||    82
